 Dungeon Crawl Stone Soup version 0.30-a0-297-g0ec75d9ef4 (webtiles) character file.

Game seed: 3197146040567488612

20346 brightshaft the Carver (level 12, -6/108 HPs)
             Began as a Minotaur Monk on Oct 19, 2022.
             Was the Champion of Zin.
             Mangled by Fannar
             ... wielding a +0 quarterstaff of freezing
              (36 damage)
             ... on level 2 of the Lair of Beasts on Oct 21, 2022.
             The game lasted 00:32:46 (12010 turns).

brightshaft the Carver (Minotaur Monk)             Turns: 12010, Time: 00:32:47

Health: -6/108     AC: 21    Str: 16    XL:     12   Next: 44%
Magic:  16/16      EV: 14    Int:  7    God:    Zin [******]
Gold:   168        SH: 11    Dex: 18    Spells: 11/11 levels left

rFire   . . .      SeeInvis .    a - +2 long sword (flame)
rCold   x . .      Faith    .    F - +0 buckler
rNeg    + + +      Spirit   .    y - +6 scale mail "Zeomp" {+Inv rC- rN+++ rCorr}
rPois   +          Reflect  +    (helmet restricted)
rElec   .          Harm     .    A - +2 cloak
rCorr   +          Rampage  .    c - +2 pair of gloves
Will    .....                    (no boots)
Stlth   +.........               e - amulet of reflection
HPRegen 0.38/turn                l - ring of poison resistance
MPRegen 0.15/turn                (no ring)

@: on recite cooldown, studying Poison Magic
A: horns 2, retaliatory headbutt
a: Renounce Religion, Evoke Invisibility, Recite, Vitalisation, Imprison,
Sanctuary, Donate Gold


You were on level 2 of the Lair of Beasts.
You worshipped Zin.
Zin was exalted by your worship.
You visited 2 branches of the dungeon, and saw 13 of its levels.

You collected 774 gold pieces.
You spent 330 gold pieces at shops.
You donated 276 gold pieces to Zin.

Inventory:

Hand Weapons
 a - a +2 long sword of flaming (weapon)
 b - a +3 sling
 r - a +0 scimitar
 I - a +2 vorpal falchion
 L - a +4 short sword
Missiles
 h - 32 poisoned darts
 i - 5 javelins
 u - 2 throwing nets
 G - 4 boomerangs of dispersal
Armour
 c - a +2 pair of gloves (worn)
 m - a +1 scale mail
 y - the +6 scale mail "Zeomp" (worn) {+Inv rC- rN+++ rCorr}
   (You found it on level 6 of the Dungeon)

   rC:        It makes you vulnerable to cold.
   rN:        It renders you almost immune to negative energy.
   +Inv:      It lets you turn invisible.
   rCorr:     It protects you from acid and corrosion.
 A - a +2 cloak (worn)
 F - a +0 buckler (worn)
 H - a +3 chain mail
Jewellery
 e - an amulet of reflection (around neck)
 l - a ring of poison resistance (left hand)
 w - a ring of ice
 Q - an amulet of regeneration
Wands
 n - a wand of iceblast (16)
 q - a wand of charming (10)
 E - a wand of acid (3)
Scrolls
 f - 3 scrolls of poison
 k - a scroll of fear
 v - 2 scrolls of blinking
 J - 5 scrolls of teleportation {@r4}
 N - 3 scrolls of magic mapping
Potions
 d - a potion of attraction {unknown}
 g - 2 potions of flight {unknown}
 j - a potion of resistance {unknown}
 o - 2 potions of lignification
 p - 3 potions of curing {@q1}
 s - 2 potions of invisibility
 t - a potion of berserk rage {unknown}
 x - a potion of ambrosia
 z - 4 potions of brilliance
 B - a potion of heal wounds {@q2}
 C - 3 potions of magic
 D - a potion of haste {unknown}
 K - 3 potions of mutation
 M - a potion of degeneration {unknown}
Miscellaneous
 O - a tin of tremorstones (2/2)
 P - a phial of floods


   Skills:
 + Level 10.6 Fighting
 - Level 14.0 Long Blades
 + Level 9.8 Armour
 + Level 9.8 Dodging
 - Level 1.5 Stealth
 + Level 7.8 Shields
 + Level 7.8 Invocations


You had 11 spell levels left.
You didn't know any spells.
Your spell library contained the following spells:

 Spells                   Type           Power      Damage    Failure   Level
 Sublimation of Blood     Necr           0%         N/A       94%         2
 Gell's Gravitas          Tloc           0%         N/A       99%         3
 Kindle Blastsparks       Fire/Tloc/Air  0%         2d10      99%         3
 Lesser Beckoning         Tloc           0%         N/A       99%         3
 Teleport Other           Tloc           0%         N/A       99%         3
 Fulminant Prism          Conj/Hex       0%         3d6       100%        4
 Iskenderun's Mystic Bla  Conj/Tloc      0%         2d3       100%        4
 Petrify                  Tmut/Erth      0%         N/A       100%        4
 Irradiate                Conj/Tmut      0%         3d11      100%        5
 Lee's Rapid Deconstruct  Erth           0%         3d4*      100%        5


Dungeon Overview and Level Annotations

Branches:
Dungeon (11/15)            Temple (0/1) D:7            Lair (2/5) D:10
 Spider (0/4) Lair:2          Orc (0/2) D:10
  Swamp: Lair:2-3    Shoals: Lair:2-3

Altars:
Ashenzari
Cheibriados
Fedhas
Hepliaklqana
Nemelex Xobeh
Trog
Vehumet
Yredelemnul
Zin
The Shining One

Shops:
D:10 *

Portals:
Trove: D:10 (show abyssal rune of Zot)

Annotations:
Lair:2 Fannar


Innate Abilities, Weirdness & Mutations

You have a pair of horns on your head.
You reflexively headbutt those who attack you in melee.


Message History

You hit Fannar but do no damage.
Fannar is lightly wounded.
Fannar says, "Freeze!"
Fannar closely misses you.
You hit Fannar. You burn Fannar.
Fannar is lightly wounded.
You closely miss Fannar. You headbutt Fannar, but do no damage.
Fannar is lightly wounded.
Fannar is lost in a daze.
You closely miss Fannar. Your headbutt misses Fannar.
Fannar is lightly wounded.
Fannar hits you but does no damage.
You closely miss Fannar.
Fannar is lightly wounded.
Fannar hits you with a +0 quarterstaff of freezing.
* * * LOW HITPOINT WARNING * * *
Fannar freezes you.
* * * LOW HITPOINT WARNING * * *
You slash Fannar! You burn Fannar.
Fannar is moderately wounded.
You feel much better. Fannar hits you but does no damage.
Aiming: Imprison (1% risk of failure)
Press: ? - help, Dir - move target, f - Fannar
Aim: Fannar, wielding a +0 quarterstaff of freezing, wearing a +2 robe of cold resistance and wearing a ring of ice (moderately wounded, dazed)
You need more space to imprison Fannar.
You completely miss Fannar. Your headbutt misses Fannar.
Fannar is moderately wounded.
Fannar is lost in a daze.
You completely miss Fannar. Your headbutt misses Fannar.
Fannar is moderately wounded.
Fannar casts a spell.
Fannar drains the heat from the surrounding environment!
You feel a terrible chill!
* * * LOW HITPOINT WARNING * * *
You hit Fannar but do no damage. You headbutt Fannar, but do no damage.
Fannar is moderately wounded.
Fannar gestures wildly while chanting.
Fannar drains the heat from the surrounding environment!
You feel a terrible chill!
You die...

#.# ##..## . #...#.####
## ..##... ....#..#
....#..##.....#
........#..#..#
........#@e...#
.........##...#
.....##...##..# ...
#.......# .......
##...#..### ..........
#........# #.........
#.#...P### ##.......[.
##.....P##
#.........####.........#


You could see Fannar (dazed).

Vanquished Creatures
  A hydra (Lair:2)
  2 two-headed ogres (D:7)
  A cyclops (D:8)
  Joseph (D:9)
  3 elephants
  Maurice (D:9)
  A black mamba (Lair:2)
  Maggie (Lair:2)
  8 cane toads
  4 komodo dragons
  A gargoyle (D:10)
  A rime drake (Lair:2)
  2 trolls
  A polar bear (Lair:2)
  Prince Ribbit (D:5)
  3 jumping spiders (Lair:2)
  Sigmund (D:2)
  3 wyverns
  3 culicivoras (Lair:2)
  21 yaks
  A basilisk (Lair:2)
  Eustachio (D:5)
  A vampire mosquito (D:6)
  4 redbacks (Lair:2)
  A warg (D:10)
  A steam dragon (D:7)
  An acid dragon (D:8)
  Duvessa (D:6)
  8 water moccasins
  7 orc warriors
  A sky beast (D:6)
  2 black bears
  3 ice beasts
  3 ogres (D:6)
  2 centaurs (D:9)
  8 bullfrogs
  A kobold brigand (D:10)
  5 scorpions
  3 necrophages
  A gnoll sergeant (D:6)
  5 wights (D:10)
  Dowan (D:6)
  5 killer bees (D:10)
  9 howler monkeys
  6 orc priests
  A hound (D:6)
  A gnoll bouda (D:10)
  A jelly (D:4)
  6 iguanas
  Terence (D:3)
  10 orc wizards
  A hound zombie (D:3)
  4 gnolls
  6 adders
  2 white imps
  3 ufetubi
  2 worms
  A dart slug (D:2)
  26 orcs
  7 ball pythons
  6 bats
  5 endoplasms
  A giant cockroach (D:4)
  3 hobgoblins
  4 jackals (D:1)
  3 quokkas
  A ball python zombie (D:3)
  A frilled lizard (D:2)
  5 goblins
  16 kobolds
  3 rats
261 creatures vanquished.

Vanquished Creatures (others)
  A wizard (D:8)
  4 fungi (Lair:2)
  4 plants
9 creatures vanquished.

Grand Total: 270 creatures vanquished

Notes
Turn   | Place    | Note
-------+----------+-------------------------------------------
     0 | D:1      | brightshaft the Minotaur Monk began the quest for the Orb.
     0 | D:1      | Reached XP level 1. HP: 19/19 MP: 0/0
   146 | D:1      | Reached skill level 4 in Long Blades
   146 | D:1      | Reached XP level 2. HP: 24/27 MP: 1/1
   388 | D:1      | Reached XP level 3. HP: 22/33 MP: 2/2
   690 | D:2      | Noticed Sigmund
   702 | D:2      | Killed Sigmund
   703 | D:2      | Reached skill level 5 in Long Blades
   703 | D:2      | Reached XP level 4. HP: 20/41 MP: 3/3
   703 | D:2      | Reached XP level 5. HP: 23/47 MP: 4/4
  1233 | D:2      | Found a faded altar of an unknown god.
  1257 | D:2      | Prayed at the altar of an unknown god.
  1257 | D:2      | Became a worshipper of Zin the Law-Giver
  1257 | D:2      | Reached * piety under Zin
  1257 | D:2      | Reached ** piety under Zin
  1257 | D:2      | Reached *** piety under Zin
  1554 | D:3      | Noticed Terence
  1561 | D:3      | Killed Terence
  1574 | D:3      | Reached skill level 6 in Long Blades
  1574 | D:3      | Reached XP level 6. HP: 33/55 MP: 5/5
  1720 | D:3      | Reached skill level 5 in Fighting
  1942 | D:3      | Found a basalt altar of Yredelemnul.
  2427 | D:4      | Reached skill level 1 in Invocations
  2449 | D:4      | Noticed an ice beast
  2469 | D:4      | Killed an ice beast
  2785 | D:4      | Reached **** piety under Zin
  2834 | D:4      | Identified the +1 ring mail of Yredelemnul's Favour
                  | {Rampage rF- Regen+ Dex+4}
  3184 | D:4      | Found a broken altar of Ashenzari.
  3184 | D:4      | Found a sparkling altar of Nemelex Xobeh.
  3217 | D:4      | Reached XP level 7. HP: 61/61 MP: 7/7
  3247 | D:4      | Reached ***** piety under Zin
  3446 | D:5      | Entered Level 5 of the Dungeon
  3525 | D:5      | Reached skill level 7 in Long Blades
  3525 | D:5      | Reached skill level 5 in Dodging
  3525 | D:5      | Noticed Eustachio
  3586 | D:5      | Killed Eustachio
  3623 | D:5      | Noticed Prince Ribbit
  3630 | D:5      | Killed Prince Ribbit
  3631 | D:5      | Reached skill level 8 in Long Blades
  3631 | D:5      | Reached XP level 8. HP: 60/70 MP: 7/9
  4108 | D:6      | Identified the +6 scale mail "Zeomp" {+Inv rC- rN+++ rCorr}
  4172 | D:6      | Noticed Duvessa
  4172 | D:6      | Noticed Dowan
  4176 | D:6      | Killed Dowan
  4187 | D:6      | Killed Duvessa
  4188 | D:6      | Reached skill level 5 in Armour
  4380 | D:6      | Reached skill level 9 in Long Blades
  4707 | D:6      | Reached XP level 9. HP: 78/78 MP: 10/10
  4944 | D:6      | Reached skill level 1 in Shields
  5222 | D:7      | Reached skill level 10 in Long Blades
  5317 | D:7      | Noticed a two-headed ogre
  5331 | D:7      | Killed a two-headed ogre
  5538 | D:7      | Found a hazy altar of Hepliaklqana.
  5544 | D:7      | Donated 199 gold pieces to Zin
  5577 | D:7      | Found a staircase to the Ecumenical Temple.
  5597 | D:7      | Noticed a troll
  5612 | D:7      | Killed a troll
  5613 | D:7      | Reached skill level 5 in Invocations
  5613 | D:7      | Reached XP level 10. HP: 67/88 MP: 12/12
  5690 | D:7      | Noticed a two-headed ogre
  5713 | D:7      | Killed a two-headed ogre
  5714 | D:7      | Reached skill level 11 in Long Blades
  5833 | D:7      | Found a blossoming altar of Fedhas.
  5922 | D:7      | Found a snail-covered altar of Cheibriados.
  6159 | D:8      | Found a glowing golden altar of the Shining One.
  6255 | D:8      | Noticed a cyclops
  6267 | D:8      | Killed a cyclops
  6530 | D:8      | Found a bloodstained altar of Trog.
  6870 | D:8      | Noticed a wizard
  6875 | D:8      | Killed a wizard
  6999 | D:9      | Reached ****** piety under Zin
  7081 | D:9      | Noticed Joseph
  7106 | D:9      | Killed Joseph
  7301 | D:9      | Reached skill level 12 in Long Blades
  7310 | D:9      | Reached skill level 5 in Shields
  7381 | D:9      | Found a radiant altar of Vehumet.
  7631 | D:9      | Noticed Maurice
  7645 | D:9      | Killed Maurice
  7646 | D:9      | Reached XP level 11. HP: 83/95 MP: 14/14
  7819 | D:10     | Entered Level 10 of the Dungeon
  7908 | D:10     | Found a portal to a secret trove of treasure.
  8142 | D:10     | Found a staircase to the Lair.
  8184 | D:10     | Found Saruh's Neck Hole.
  8201 | D:10     | Bought an amulet of reflection for 330 gold pieces
  8261 | D:10     | Found a glowing silver altar of Zin.
  8303 | D:10     | Found a staircase to the Orcish Mines.
  8831 | Lair:1   | Entered Level 1 of the Lair of Beasts
  9742 | Lair:1   | Reached skill level 13 in Long Blades
 10646 | Lair:2   | Reached skill level 10 in Fighting
 10660 | Lair:2   | Reached XP level 12. HP: 103/106 MP: 16/16
 10826 | Lair:2   | Noticed Maggie
 10847 | Lair:2   | Killed Maggie
 11120 | Lair:2   | Reached skill level 14 in Long Blades
 11267 | Lair:2   | Noticed a six-headed hydra
 11276 | Lair:2   | Killed a two-headed hydra
 11625 | Lair:2   | Found a hole to the Spider Nest.
 11991 | Lair:2   | Noticed Fannar
 12010 | Lair:2   | Mangled by Fannar

Illustrated notes

Levels and vault maps discovered:
D:1:      dpeg_arrival_arbitrary_a, layout_basic
D:2:      layout_basic, shapermc_ecumenical_altar_ellora, minmay_pentomino_u2,
          uniq_sigmund
D:3:      layout_loops_ring, lemuel_zombie_altar_yredelemnul, uniq_terence
D:4:      layout_layer_cave, jmf_multi_god_temple, nicolae_figureground_pulse
D:5:      layout_basic, columned_hall_lemuel, uniq_prince_ribbit1,
          uniq_eustachio
D:6:      cheibrodos_barr_body, layout_loops_ring, uniq_duvessa
D:7:      layout_rooms, mainiacjoe_overflow_boulevard,
          mainiacjoe_overflow_catch_the_wave, minmay_temple_entry_antechambers
D:8:      layout_basic, lemuel_crystal_altar, trog_wizard
D:9:      layout_basic, mainiacjoe_overflow_brackets, uniq_joseph, uniq_maurice
D:10:     layout_small_grid, zin_academy, lair_entry_dummy, david_orc_1_choice,
          enter_trove_0, grunt_ministairs_2, nrook_pool_corridor,
          nicolae_shop_sticking_my_neck_out
D:11:     layout_loops_ring, serial_shops, nicolae_shop_crystal, uniq_erica
Lair:1:   layout_loops_ring, chequers_serial_rivers_large_b,
          serial_bayou_shore_a
Lair:2:   layout_cave_pods, nicolae_spider_entry_tight_spaces,
          serial_bayou_shore_b, uniq_fannar, uniq_maggie

Skill      XL: |  1  2  3  4  5  6  7  8  9 10 11 12 |
---------------+-------------------------------------+-----
Long Blades    | 4 5 6 8 9 10 12 13 14 | 14.0
Fighting       | 4 5 6 7 8 10 | 10.6
Armour         | 2 3 4 5 6 8 9 |  9.8
Dodging        | 4 5 6 7 8 9 |  9.8
Invocations    | 1 2 3 5 6 7 |  7.8
Shields        | 3 5 6 7 |  7.8
Stealth        | |  1.5

Action                   |  1- 3 |  4- 6 |  7- 9 | 10-12 || total
-------------------------+-------+-------+-------+-------++-------
Melee: Falchion          |    39 |   125 |   284 |   152 ||   600
       Headbutt          |     4 |    23 |    70 |   159 ||   256
       Punch             |     1 |     1 |     3 |       ||     5
       Short sword       |       |    28 |       |       ||    28
       Long sword        |       |       |       |   464 ||   464
 Fire: Sling             |       |       |       |    10 ||    10
Invok: Recite            |       |     1 |     7 |     7 ||    15
       Donate Gold       |       |       |     1 |       ||     1
       Vitalisation      |       |       |       |     3 ||     3
  Use: Scroll            |       |    10 |     5 |    11 ||    26
       Potion            |       |     1 |     4 |     4 ||     9
 Stab: Sleeping          |     2 |     2 |     1 |       ||     5
       Confused          |       |       |     1 |     1 ||     2
       Invisible         |       |       |     1 |     1 ||     2
       Paralysed         |       |       |       |     1 ||     1
Armor: Robe              |     5 |     4 |       |       ||     9
       Scale mail        |       |    56 |    93 |   211 ||   360
       Ring mail         |       |     3 |    53 |       ||    56
Dodge: Dodged            |    31 |    77 |   170 |   281 ||   559
Block: Buckler           |       |       |    18 |   266 ||   284

Table legend: (Time is in decaauts)
 A = Elapsed time spent in this place.
 B = Non-inter-level travel time spent in this place.
 C = Inter-level travel time spent in this place.
 D = Time resting spent in this place.
 E = Time spent auto-exploring this place.
 F = Levels seen in this place.
 G = Mean time per level.
                   A        B        C        D        E       F      G
               +--------+--------+--------+--------+--------+-----+--------+
         Total |  11883 |  11722 |    161 |      0 |   9388 |  13 |  914.1 |
       Dungeon |   8738 |   8606 |    132 |      0 |   6897 |  11 |  794.4 |
          Lair |   3145 |   3116 |     29 |      0 |   2491 |   2 | 1572.5 |
               +--------+--------+--------+--------+--------+-----+--------+

Top non-repeatable levels by time:
  Lair:1: 1645 daAuts
  Lair:2: 1500 daAuts
     D:6: 1155 daAuts
     D:4: 1039 daAuts
    D:10: 991 daAuts
     D:7: 940 daAuts
     D:2: 865 daAuts
     D:3: 846 daAuts
     D:8: 845 daAuts
     D:9: 803 daAuts
     D:1: 692 daAuts
     D:5: 557 daAuts
    D:11: 1 daAuts
